AoeStats
← CellaNBasso

Arena

505053297Analyzed
1v1 RM · 24d ago on Sep 7, 2026· 38m 26s· 2 players
Game mode
Random Map
Map size
Tiny (2 player)
Population
200
Speed
Normal
Resources
Standard
Victory
Conquest
Starting age
Dark Age
Ending age
Imperial Age
RankedLock teamsTeams togetherTeam positionsShared explorationLock speedFull tech treeHidden civsTurbo modeCheats
Victory
Defeat
🇪🇸 Italians · Spain
1060
+17
🇺🇸 Franks · United States
1080
-17
alvaroninosampe
9:20 Feudal Age
9:46 Town Watch
11:31 Double-Bit Axe
11:39 Gold Mining
16:18 Castle Age
14:35 Loom
15:12 Stone Mining
26:54 Imperial Age
26:42 Ballistics
26:32 Fletching
29:16 Bow Saw
29:12 Bodkin Arrow
30:40 Wheelbarrow
30:59 Conscription
32:06 Town Patrol
34:01 Bracer
34:25 Squires
CellaNBasso
10:53 Feudal Age
15:08 Castle Age
13:25 Double-Bit Axe
15:20 Wheelbarrow
21:59 Fletching
24:35 Bodkin Arrow
30:29 Imperial Age
28:25 Scale Barding Armor
28:30 Forging
27:44 Elite Skirmisher
30:19 Chain Barding Armor
30:35 Iron Casting
31:01 Husbandry
31:26 Cavalier
34:59 Plate Barding Armor
35:25 Blast Furnace
34:03 Capped Ram
36:09 Padded Archer Armor
35:40 Capped Ram
Connection lost

Rejoining the realm…

Still unreachable

The connection could not be restored.

Session expired

The server has moved on; the page needs a fresh start.